 Dungeon Crawl Stone Soup version 0.28-a0-1616-g050a50673c (webtiles) character file.

Game seed: 10551879665511197319

176 croobank the Sneak (level 5, -2/24 HPs)
             Began as a Felid Delver on Jan 22, 2022.
             Was an Initiate of Ashenzari.
             Killed by nerve-wracking pain
             ... invoked by a shadow imp
              (10 damage)
             ... on level 5 of the Dungeon.
             The game lasted 00:25:58 (5884 turns).

croobank the Sneak (Felid Delver)                   Turns: 5884, Time: 00:25:59

Health: -2/24      AC:  1    Str: 10    XL:     5   Next: 30%
Magic:  18/18      EV: 18    Int: 11    God:    Ashenzari [......]
Gold:   208        SH:  0    Dex: 18    Spells: 5/8 levels left
                                        Lives:  0   Deaths: 1

rFire   . . .      SeeInvis +     - Unarmed
rCold   + . .      Faith    .   (shield unavailable)
rNeg    . . .      Spirit   .   (armour unavailable)
rPois   .          Reflect  .   (helmet unavailable)
rElec   .          Harm     .   (cloak unavailable)
rCorr   .          Rampage  .   (gloves unavailable)
Will    .....                   (boots unavailable)
Stlth   ++++......              (no amulet)
HPRegen 0.08/turn               h - ring of protection from cold
MPRegen 0.16/turn               g - ring of magical power

@: quick
A: very small, claws 1, fangs 3, see invisible, speed 1, shaggy fur 1, stealthy
paws, no weapons or thrown items, no armour, multi-lived
a: Renounce Religion


You were on level 5 of the Dungeon.
You worshipped Ashenzari.
Ashenzari was noncommittal.
You visited 1 branch of the dungeon, and saw 7 of its levels.

You collected 208 gold pieces.

Inventory:

Missiles
 d - 122 stones
Jewellery
 g - a ring of magical power (right paw)
 h - a ring of protection from cold (left paw)
Wands
 e - a wand of digging (2)
Scrolls
 a - a scroll of fog
 b - 2 scrolls of identify
 c - a scroll of fear
 i - 2 scrolls of teleportation
 j - a scroll of amnesia
 k - a scroll of vulnerability {unknown}
Potions
 f - a potion of mutation {unknown}


   Skills:
 - Level 3.5 Fighting
 - Level 3.8 Dodging
 - Level 7.1 Stealth
 - Level 2.7 Unarmed Combat
 + Level 2.0 Spellcasting
 + Level 2.5 Transmutations
 + Level 2.0 Poison Magic


You had 5 spell levels left.
You knew the following spells:

 Your Spells              Type           Power      Damage    Failure   Level
a - Sting                 Tmut/Pois      24%        1d4       12%         1
b - Poisonous Vapours     Pois/Air       6%         N/A       28%         2

Your spell library contained the following spells:

 Spells                   Type           Power      Damage    Failure   Level
 Olgreb's Toxic Radiance  Pois           5%         N/A       77%         4


Dungeon Overview and Level Annotations

Branches:
Dungeon (7/15)             Temple (0/1) D:6

Altars:
Ashenzari
Ru
Uskayaw

Shops:
D:1 (   D:4 (   D:6 *


Innate Abilities, Weirdness & Mutations

You have sharp claws.
You have razor-sharp teeth.
You have supernaturally acute eyesight. (SInv)
You cover ground quickly. (Speed+)
You are covered in fur. (AC +1)
Your paws help you pounce on unaware monsters.
You are incapable of wielding weapons or throwing items.
You cannot wear armour.
You gain extra lives every three experience levels.


Message History

The helpless hound fails to defend itself.
You mangle the hound!!
You kill the hound!
Welcome back to level 5!
The centaur zombie closely misses you. The centaur zombie kicks you.
You scratch the centaur zombie.
The centaur zombie is lightly damaged.
The centaur zombie hits you. The centaur zombie kicks you.
You scratch the centaur zombie.
The centaur zombie is moderately damaged.
The centaur zombie completely misses you.
The centaur zombie misses you.
You scratch the centaur zombie but do no damage.
The centaur zombie is moderately damaged.
The centaur zombie barely misses you. The centaur zombie closely misses you.
You claw the centaur zombie!
The centaur zombie is heavily damaged.
The centaur zombie hits you. The centaur zombie misses you.
The centaur zombie hits you. The centaur zombie kicks you.
You scratch the centaur zombie but do no damage.
The centaur zombie is heavily damaged.
The centaur zombie barely misses you. The centaur zombie closely misses you.
You claw the centaur zombie! You bite the centaur zombie.
The centaur zombie is almost destroyed.
The centaur zombie hits you. The centaur zombie kicks you.
The shadow imp grinds its teeth.
The shadow imp gestures at you. Pain shoots through your body!
You scratch the centaur zombie.
The centaur zombie is almost destroyed.
The centaur zombie misses you. The centaur zombie kicks you.
* * * LOW HITPOINT WARNING * * *
Okay, then.
You claw the centaur zombie!
You destroy the centaur zombie!
Your Spellcasting skill increases to level 2!
Your Poison Magic skill increases to level 2!
The shadow imp gestures at you. Pain shoots through your body!
You die...

....# ##... #.# .....
.....# ##.# ....(
)....# ##<## ....(##
#...##..# #..##
#.....## ##..## ###..##
## ##..## #####..####
..
##..#########.........#
#.
##....5...@...#.....##
######)...##########
######


You could see a shadow imp.

Vanquished Creatures
  A centaur zombie (D:5)
  A hound (D:5)
  A jelly (D:4)
  2 orc wizards
  2 adders
  A worm (D:2)
  10 orcs
  6 ball pythons
  4 bats
  8 endoplasms
  3 giant cockroaches
  7 goblins
  11 hobgoblins
  4 jackals (D:1)
  3 quokkas
  5 frilled lizards
  10 kobolds
  10 rats
  A bush (D:1)
90 creatures vanquished.

Vanquished Creatures (others)
  12 plants (D:1)
12 creatures vanquished.

Grand Total: 102 creatures vanquished

Notes
Turn   | Place    | Note
-------+----------+-------------------------------------------
     0 | D:5      | croobank the Felid Delver began the quest for the Orb.
     0 | D:5      | Reached XP level 1. HP: 10/10 MP: 2/2
     3 | D:5      | You fall into a shaft and drop 2 floors!
     7 | D:7      | Noticed a bullfrog
    17 | D:7      | Noticed an orc warrior
   140 | D:7      | Noticed a bullfrog
   144 | D:6      | Noticed a scorpion
   157 | D:6      | Noticed a sky beast
   168 | D:6      | Noticed a sky beast
   175 | D:6      | Noticed a kobold demonologist
   185 | D:6      | Found Baruhit's Lightly-Used Armoury.
   459 | D:4      | Noticed an orc priest
   872 | D:1      | Reached XP level 2. HP: 7/14 MP: 3/3
  1216 | D:1      | Found Unyseerph's Weapon Shoppe.
  1238 | D:1      | Reached XP level 3. HP: 16/17 MP: 4/4
  1291 | D:1      | Reached skill level 7 in Stealth
  2506 | D:1      | Noticed an anaconda
  2506 | D:1      | Noticed a polar bear
  2506 | D:1      | Noticed a lindwurm
  2507 | D:1      | Noticed a four-headed hydra
  2961 | D:2      | Reached XP level 4. HP: 8/21 MP: 5/5
  3235 | D:2      | Learned a level 1 spell: Sting
  4045 | D:3      | Found a hide-covered altar of Uskayaw.
  4045 | D:3      | Found a sacrificial altar of Ru.
  4047 | D:3      | Found a broken altar of Ashenzari.
  4052 | D:3      | Became a worshipper of Ashenzari the Shackled
  4142 | D:4      | Reached skill level 1 in Transmutations
  4437 | D:4      | Noticed a phantom
  4521 | D:4      | Reached skill level 1 in Spellcasting
  4521 | D:4      | Reached skill level 1 in Poison Magic
  4528 | D:4      | Learned a level 2 spell: Poisonous Vapours
  5067 | D:4      | Reached XP level 5. HP: 20/24 MP: 7/7
  5662 | D:4      | Found Quku Wipt's Weapon Boutique.
  5747 | D:4      | Killed from afar by an orc wizard
  5748 | D:4      | Reached XP level 4. HP: 0/21 MP: 14/16
  5865 | D:5      | Reached XP level 5. HP: 24/24 MP: 8/8
  5884 | D:5      | Killed from afar by a shadow imp

Illustrated notes

Levels and vault maps discovered:
D:1:      onia_arrival_zoo_common, layout_loops_cross, serial_shops,
          shop_statue, lexackson_kobold_supper
D:2:      layout_rooms, due_unseen_surprise
D:3:      layout_rooms, minitemple
D:4:      layout_loops_ring, serial_shops, kennysheep_mini_moat
D:5:      layout_layer_cave, portal_sewer_entry_d, serial_shops, shop
D:6:      layout_rooms, mainiacjoe_overflow_alcove_2,
          minmay_temple_entry_glassed_door, minmay_shop_damaged
D:7:      layout_basic, serial_shops, nicolae_shop_waterfront, enter_bailey_6

Skill      XL: |  1  2  3  4  5 |
---------------+----------------+-----
Dodging        | 3 |  3.8
Stealth        | 7 |  7.1
Transmutations | 2 |  2.5
Spellcasting   | 1 2 |  2.0
Poison Magic   | 1 2 |  2.0
Fighting       | |  3.5
Unarmed Combat | |  2.7

Action                   |  1- 3 |  4- 6 || total
-------------------------+-------+-------++-------
Melee: Unarmed           |   256 |   116 ||   372
       Bite              |    31 |     9 ||    40
       Punch             |    16 |     1 ||    17
 Cast: Sting             |       |    10 ||    10
       Poisonous Vapours |       |     2 ||     2
Evoke: Wand              |       |     1 ||     1
  Use: Scroll            |     7 |     5 ||    12
       Potion            |     3 |     2 ||     5
 Stab: Sleeping          |     8 |     8 ||    16
       Distracted        |       |     1 ||     1
Armor: Skin              |     3 |     2 ||     5
Dodge: Dodged            |    69 |    93 ||   162

Table legend: (Time is in decaauts)
 A = Elapsed time spent in this place.
 B = Non-inter-level travel time spent in this place.
 C = Inter-level travel time spent in this place.
 D = Time resting spent in this place.
 E = Time spent auto-exploring this place.
 F = Levels seen in this place.
 G = Mean time per level.
                   A        B        C        D        E       F      G
               +--------+--------+--------+--------+--------+-----+--------+
         Total |   5334 |   5228 |    106 |   2001 |   1867 |   7 |  762.0 |
       Dungeon |   5334 |   5228 |    106 |   2001 |   1867 |   7 |  762.0 |
               +--------+--------+--------+--------+--------+-----+--------+

Top non-repeatable levels by time:
     D:1: 1563 daAuts
     D:4: 1350 daAuts
     D:3: 1216 daAuts
     D:2: 989 daAuts
     D:7: 129 daAuts
     D:5: 57 daAuts
     D:6: 27 daAuts
